| Goals | Penalties |
1. MapleLeafs , Yanni Gourde 1 (Johnny Gaudreau 1, Brandon Carlo 1) at 15:29
|
Evander Kane (TOR) for Holding (Minor) at 16:03
|
2. Senators , Mikael Granlund 1 (Trevor Zegras 1, Dylan Larkin 2) at 5:49
3. MapleLeafs , Shane Pinto 1 (Jonathan Huberdeau 1, Brandon Carlo 2) at 17:38
|
K'Andre Miller (OTT) for Hooking (Minor) at 7:05 John Marino (TOR) for Roughing (Minor) at 12:53
|
No Goal
|
Joel Eriksson Ek (OTT) for Roughing (Minor) at 2:15 Brandon Carlo (TOR) for Tripping (Minor) at 9:45 Devon Toews (TOR) for Cross-checking (Minor) at 13:03
|
|
Alexandar Georgiev (OTT), 23 saves from 25 shots - (0,920), L, 2-1-0, 59:28 minutes
Filip Gustavsson (TOR), 15 saves from 16 shots - (0,938), W, 1-2-0, 60:00 minutes
|
|
1 - Shane Pinto (TOR)
2 - Yanni Gourde (TOR)
3 - Brandon Carlo (TOR)
|
Referees : Ben O'Quinn and Shaun Davis
Linesman : Steve Barton and Kyle Allen
|
|
| No Game Note
|
|
Level 1 -- Attendance: 6500 (100,00%) -- Ticket Income $715,000
Level 2 -- Attendance: 5000 (100,00%) -- Ticket Income $450,000
Level 3 -- Attendance: 3299 (94,26%) -- Ticket Income $214,435
Level 4 -- Attendance: 2819 (100,00%) -- Ticket Income $112,760
Luxury Box -- Attendance: 1000 (100,00%) -- Ticket Income $220,000
Game was played at the Air Canada Center.
Total Attendance: 18618 (98,93%)
Total Ticket Income: $1,712,195
Other Income: $428,049
Total Income: $2,140,244
|
| Team Name |
Goals |
Shots |
Shots Attemp |
Shots Blocked |
PIM |
HIT |
PP |
PK |
FO% |
| Senators |
1 | 16 | 37 | 7 | 4 | 18 | 0 / 4 (0%) | 0 | 54% |
| MapleLeafs |
2 | 25 | 54 | 1 | 8 | 18 | 0 / 2 (0%) | 0 | 46% |
Senators
| Player Name |
POS |
G |
A |
P |
+/- |
PIM |
HIT |
SHT |
SB |
MP |
PP MP |
PP SHT |
PK MP |
PK SHT |
FO% |
FOT |
| Aleksander Barkov | C | 0 | 0 | 0 | -1 | 0 | 1 | 2 | 0 | 19:57 | 2:58 | 0 | 1:54 | 0 | 59% |
27 |
| Alex Newhook | C | 0 | 0 | 0 | 0 | 0 | 1 | 0 | 0 | 14:37 | 1:01 | 0 | 1:09 | 0 | 50% |
2 |
| Brock Faber | D | 0 | 0 | 0 | -1 | 0 | 1 | 0 | 1 | 19:36 | 0:00 | 0 | 1:51 | 0 | 0% |
0 |
| Cam Atkinson | RW | 0 | 0 | 0 | 0 | 0 | 0 | 1 | 0 | 8:17 | 0:58 | 0 | 0:22 | 0 | 0% |
0 |
| Cam Fowler | D | 0 | 0 | 0 | -1 | 0 | 0 | 1 | 2 | 21:42 | 3:56 | 0 | 2:29 | 0 | 0% |
0 |
| Dylan Larkin | C | 0 | 1 | 1 | 0 | 0 | 0 | 2 | 0 | 18:24 | 3:56 | 1 | 0:51 | 0 | 53% |
15 |
| Jake Walman | D | 0 | 0 | 0 | 1 | 0 | 1 | 0 | 0 | 17:46 | 3:56 | 0 | 0:00 | 0 | 0% |
0 |
| Joel Eriksson Ek | C | 0 | 0 | 0 | -1 | 2 | 2 | 1 | 0 | 19:11 | 2:59 | 0 | 1:08 | 0 | 50% |
4 |
| K'Andre Miller | D | 0 | 0 | 0 | 1 | 2 | 5 | 0 | 0 | 17:00 | 0:58 | 0 | 0:59 | 0 | 0% |
0 |
| Mattias Ekholm | D | 0 | 0 | 0 | -1 | 0 | 0 | 2 | 3 | 21:17 | 3:02 | 0 | 0:30 | 0 | 0% |
0 |
| Matty Beniers | C | 0 | 0 | 0 | 0 | 0 | 1 | 0 | 0 | 12:27 | 0:00 | 0 | 0:00 | 0 | 0% |
0 |
| Mikael Granlund | C | 1 | 0 | 1 | 0 | 0 | 0 | 1 | 0 | 14:57 | 0:58 | 0 | 0:22 | 0 | 0% |
4 |
| Nic Dowd | C | 0 | 0 | 0 | 0 | 0 | 0 | 2 | 0 | 9:07 | 0:00 | 0 | 2:10 | 0 | 70% |
10 |
| Nikita Kucherov | RW | 0 | 0 | 0 | -1 | 0 | 1 | 2 | 0 | 18:03 | 2:58 | 0 | 0:00 | 0 | 0% |
1 |
| Noah Hanifin | D | 0 | 0 | 0 | -1 | 0 | 3 | 0 | 1 | 22:38 | 4:00 | 0 | 2:07 | 0 | 0% |
0 |
| Pavel Zacha | C | 0 | 0 | 0 | 0 | 0 | 1 | 1 | 0 | 16:27 | 4:00 | 0 | 0:00 | 0 | 56% |
9 |
| Trevor Lewis | C | 0 | 0 | 0 | 0 | 0 | 0 | 1 | 0 | 6:57 | 0:00 | 0 | 0:00 | 0 | 0% |
0 |
| Trevor Zegras | C | 0 | 1 | 1 | 0 | 0 | 1 | 0 | 0 | 17:37 | 4:00 | 0 | 0:00 | 0 | 0% |
0 |
MapleLeafs
| Player Name |
POS |
G |
A |
P |
+/- |
PIM |
HIT |
SHT |
SB |
MP |
PP MP |
PP SHT |
PK MP |
PK SHT |
FO% |
FOT |
| Alex Kerfoot | C | 0 | 0 | 0 | 0 | 0 | 2 | 3 | 0 | 14:53 | 0:00 | 0 | 2:05 | 0 | 38% |
8 |
| Anthony Duclair | LW | 0 | 0 | 0 | 0 | 0 | 0 | 0 | 0 | 5:14 | 0:00 | 0 | 0:20 | 0 | 0% |
1 |
| Brandon Carlo | D | 0 | 2 | 2 | 2 | 2 | 1 | 1 | 0 | 15:39 | 0:00 | 0 | 1:50 | 0 | 0% |
0 |
| Calle Jarnkrok | C | 0 | 0 | 0 | 0 | 0 | 1 | 3 | 0 | 15:59 | 0:00 | 0 | 3:11 | 0 | 0% |
4 |
| Devon Toews | D | 0 | 0 | 0 | -1 | 2 | 0 | 1 | 0 | 24:08 | 2:18 | 0 | 3:04 | 0 | 0% |
0 |
| Drake Batherson | RW | 0 | 0 | 0 | 0 | 0 | 1 | 2 | 0 | 17:03 | 1:40 | 0 | 0:00 | 0 | 0% |
0 |
| Evander Kane | LW | 0 | 0 | 0 | 1 | 2 | 1 | 1 | 0 | 16:40 | 1:40 | 0 | 0:00 | 0 | 0% |
0 |
| Henri Jokiharju | D | 0 | 0 | 0 | 0 | 0 | 1 | 1 | 0 | 20:52 | 0:00 | 0 | 4:27 | 0 | 0% |
0 |
| Jakob Silfverberg | RW | 0 | 0 | 0 | 0 | 0 | 0 | 4 | 0 | 11:21 | 0:00 | 0 | 5:31 | 1 | 100% |
1 |
| John Marino | D | 0 | 0 | 0 | 0 | 2 | 0 | 0 | 0 | 18:16 | 0:00 | 0 | 2:48 | 0 | 0% |
0 |
| Johnny Gaudreau | LW | 0 | 1 | 1 | 0 | 0 | 0 | 1 | 0 | 17:41 | 2:18 | 0 | 0:00 | 0 | 0% |
1 |
| Jonathan Huberdeau | C | 0 | 1 | 1 | 1 | 0 | 0 | 0 | 0 | 17:19 | 2:18 | 0 | 0:00 | 0 | 67% |
3 |
| Rasmus Sandin | D | 0 | 0 | 0 | 2 | 0 | 2 | 1 | 0 | 15:03 | 1:40 | 0 | 0:00 | 0 | 0% |
0 |
| Sean Durzi | D | 0 | 0 | 0 | -1 | 0 | 0 | 0 | 1 | 23:41 | 1:40 | 0 | 3:43 | 0 | 0% |
0 |
| Shane Pinto | C | 1 | 0 | 1 | 1 | 0 | 0 | 2 | 0 | 17:19 | 2:18 | 0 | 0:00 | 0 | 62% |
13 |
| Trent Frederic | C | 0 | 0 | 0 | 0 | 0 | 3 | 1 | 0 | 4:54 | 0:00 | 0 | 0:00 | 0 | 50% |
10 |
| Viktor Arvidsson | RW | 0 | 0 | 0 | 0 | 0 | 4 | 2 | 0 | 14:10 | 2:18 | 1 | 0:00 | 0 | 0% |
0 |
| Yanni Gourde | C | 1 | 0 | 1 | 0 | 0 | 2 | 2 | 0 | 21:48 | 1:40 | 1 | 4:45 | 0 | 45% |
31 |
Play-by-Play
1st period
0:01 of 1st period - Aleksander Barkov wins face-off versus Yanni Gourde in neutral zone.
0:29 of 1st period - Shot by Drake Batherson.
0:29 of 1st period - Stopped by Alexandar Georgiev with a rebound.
0:41 of 1st period - Shot by Joel Eriksson Ek.
0:41 of 1st period - Shot Blocked by Sean Durzi.
2:03 of 1st period - Pavel Zacha is hit by Alex Kerfoot and loses puck.
2:08 of 1st period - Shot by Alex Kerfoot.
2:08 of 1st period - Stopped by Alexandar Georgiev without a rebound.
2:09 of 1st period - Nic Dowd wins face-off versus Trent Frederic in Senators zone.
2:09 of 1st period - Jake Walman is hit by Trent Frederic and loses puck.
2:20 of 1st period - Shot by Trent Frederic.
2:20 of 1st period - Stopped by Alexandar Georgiev without a rebound.
2:21 of 1st period - Alex Newhook wins face-off versus Calle Jarnkrok in Senators zone.
2:21 of 1st period - Alex Newhook is hit by Viktor Arvidsson.
3:02 of 1st period - Alex Newhook is hit by Rasmus Sandin and loses puck.
3:29 of 1st period - Shot by Drake Batherson.
3:29 of 1st period - Shot Misses the Net.
3:31 of 1st period - Shot by Yanni Gourde.
3:31 of 1st period - Shot Misses the Net.
3:33 of 1st period - Shot by Devon Toews.
3:33 of 1st period - Shot Misses the Net.
3:35 of 1st period - Shot by Yanni Gourde.
3:35 of 1st period - Shot Blocked by Mattias Ekholm.
3:42 of 1st period - Icing by Brock Faber.
3:43 of 1st period - Shane Pinto wins face-off versus Nic Dowd in Senators zone.
3:57 of 1st period - Shot by Cam Atkinson.
3:57 of 1st period - Shot Misses the Net.
4:38 of 1st period - Shot by Aleksander Barkov.
4:38 of 1st period - Shot Misses the Net.
4:40 of 1st period - Shot by Aleksander Barkov.
4:40 of 1st period - Stopped by Filip Gustavsson without a rebound.
4:41 of 1st period - Dylan Larkin wins face-off versus Trent Frederic in MapleLeafs zone.
5:57 of 1st period - Shot by Johnny Gaudreau.
5:57 of 1st period - Shot Misses the Net.
6:34 of 1st period - Icing by Henri Jokiharju.
6:35 of 1st period - Alex Kerfoot wins face-off versus Pavel Zacha in MapleLeafs zone.
7:35 of 1st period - Shot by Trevor Lewis.
7:35 of 1st period - Shot Misses the Net.
7:37 of 1st period - Shot by Cam Atkinson.
7:37 of 1st period - Stopped by Filip Gustavsson without a rebound.
7:38 of 1st period - Aleksander Barkov wins face-off versus Yanni Gourde in MapleLeafs zone.
8:57 of 1st period - Shot by Cam Fowler.
8:57 of 1st period - Stopped by Filip Gustavsson without a rebound.
8:58 of 1st period - Trent Frederic wins face-off versus Pavel Zacha in MapleLeafs zone.
8:58 of 1st period - Trent Frederic is hit by Matty Beniers.
9:36 of 1st period - Brock Faber is hit by Trent Frederic and loses puck.
10:09 of 1st period - Icing by Mikael Granlund.
10:10 of 1st period - Yanni Gourde wins face-off versus Dylan Larkin in Senators zone.
10:35 of 1st period - Shot by Dylan Larkin.
10:35 of 1st period - Shot Misses the Net.
12:07 of 1st period - Icing by John Marino.
12:08 of 1st period - Nic Dowd wins face-off versus Alex Kerfoot in MapleLeafs zone.
12:11 of 1st period - Shot by Cam Atkinson.
12:11 of 1st period - Shot Misses the Net.
13:12 of 1st period - Shot by Pavel Zacha.
13:12 of 1st period - Shot Misses the Net.
13:14 of 1st period - Shot by Noah Hanifin.
13:14 of 1st period - Shot Misses the Net.
13:35 of 1st period - Icing by John Marino.
13:36 of 1st period - Aleksander Barkov wins face-off versus Alex Kerfoot in MapleLeafs zone.
13:45 of 1st period - Shot by Nikita Kucherov.
13:45 of 1st period - Shot Misses the Net.
13:53 of 1st period - Shot by Nikita Kucherov.
13:53 of 1st period - Shot Misses the Net.
14:25 of 1st period - Icing by Sean Durzi.
14:26 of 1st period - Dylan Larkin wins face-off versus Shane Pinto in MapleLeafs zone.
14:59 of 1st period - Off-side.
15:00 of 1st period - Pavel Zacha wins face-off versus Yanni Gourde in neutral zone.
15:02 of 1st period - Off-side.
15:03 of 1st period - Pavel Zacha wins face-off versus Yanni Gourde in neutral zone.
15:12 of 1st period - Icing by Brandon Carlo.
15:13 of 1st period - Aleksander Barkov wins face-off versus Yanni Gourde in MapleLeafs zone.
15:29 of 1st period - Shot by Yanni Gourde.
15:29 of 1st period - Goal by Yanni Gourde - Senators : 0 - MapleLeafs : 1.
15:30 of 1st period - Pavel Zacha wins face-off versus Jonathan Huberdeau in neutral zone.
16:03 of 1st period - Minor Penalty to Evander Kane for Holding.
16:04 of 1st period - Aleksander Barkov wins face-off versus Yanni Gourde in MapleLeafs zone.
17:18 of 1st period - Icing by Trevor Zegras.
17:19 of 1st period - Joel Eriksson Ek wins face-off versus Yanni Gourde in Senators zone.
17:52 of 1st period - Alex Kerfoot is hit by Joel Eriksson Ek.
18:25 of 1st period - Icing by Jonathan Huberdeau.
18:26 of 1st period - Jonathan Huberdeau wins face-off versus Aleksander Barkov in MapleLeafs zone.
19:11 of 1st period - Shot by Alex Kerfoot.
19:11 of 1st period - Stopped by Alexandar Georgiev with a rebound.
Goals for this period are 0 for Senators vs 1 for MapleLeafs.
Shots for this period are 3 for Senators vs 5 for MapleLeafs.
2nd period
0:01 of 2nd period - Yanni Gourde wins face-off versus Dylan Larkin in neutral zone.
0:16 of 2nd period - Shot by Johnny Gaudreau.
0:16 of 2nd period - Shot Blocked by Cam Fowler.
0:18 of 2nd period - Shot by Johnny Gaudreau.
0:18 of 2nd period - Shot Blocked by Noah Hanifin.
0:20 of 2nd period - Shot by Yanni Gourde.
0:20 of 2nd period - Deflect By Johnny Gaudreau.
0:20 of 2nd period - Stopped by Alexandar Georgiev without a rebound.
0:21 of 2nd period - Shane Pinto wins face-off versus Pavel Zacha in Senators zone.
0:47 of 2nd period - Icing by Brandon Carlo.
0:48 of 2nd period - Dylan Larkin wins face-off versus Shane Pinto in MapleLeafs zone.
0:55 of 2nd period - Shot by Evander Kane.
0:55 of 2nd period - Stopped by Alexandar Georgiev without a rebound.
0:56 of 2nd period - Dylan Larkin wins face-off versus Yanni Gourde in Senators zone.
2:08 of 2nd period - Icing by Mattias Ekholm.
2:09 of 2nd period - Trent Frederic wins face-off versus Aleksander Barkov in Senators zone.
2:12 of 2nd period - Shot by Jakob Silfverberg.
2:12 of 2nd period - Stopped by Alexandar Georgiev with a rebound.
2:18 of 2nd period - Shot by Anthony Duclair.
2:18 of 2nd period - Deflect By Trent Frederic.
2:18 of 2nd period - Shot Misses the Net.
2:20 of 2nd period - Shot by Anthony Duclair.
2:20 of 2nd period - Shot Blocked by Mattias Ekholm.
2:22 of 2nd period - Shot by Jakob Silfverberg.
2:22 of 2nd period - Stopped by Alexandar Georgiev without a rebound.
2:23 of 2nd period - Shane Pinto wins face-off versus Pavel Zacha in Senators zone.
2:32 of 2nd period - Shot by Evander Kane.
2:32 of 2nd period - Shot Misses the Net.
2:36 of 2nd period - Shot by Shane Pinto.
2:36 of 2nd period - Stopped by Alexandar Georgiev without a rebound.
2:37 of 2nd period - Aleksander Barkov wins face-off versus Yanni Gourde in Senators zone.
2:41 of 2nd period - Off-side.
2:42 of 2nd period - Pavel Zacha wins face-off versus Yanni Gourde in neutral zone.
4:28 of 2nd period - Rasmus Sandin is hit by Alex Newhook and loses puck.
4:49 of 2nd period - Shot by Jonathan Huberdeau.
4:49 of 2nd period - Shot Misses the Net.
4:51 of 2nd period - Shot by Shane Pinto.
4:51 of 2nd period - Shot Misses the Net.
4:53 of 2nd period - Shot by Jonathan Huberdeau.
4:53 of 2nd period - Shot Blocked by Mattias Ekholm.
4:57 of 2nd period - Shot by Shane Pinto.
4:57 of 2nd period - Shot Misses the Net.
4:59 of 2nd period - Shot by Brandon Carlo.
4:59 of 2nd period - Stopped by Alexandar Georgiev with a rebound.
5:37 of 2nd period - Shot by Noah Hanifin.
5:37 of 2nd period - Shot Misses the Net.
5:39 of 2nd period - Shot by Aleksander Barkov.
5:39 of 2nd period - Stopped by Filip Gustavsson without a rebound.
5:40 of 2nd period - Yanni Gourde wins face-off versus Dylan Larkin in MapleLeafs zone.
5:40 of 2nd period - Devon Toews is hit by Trevor Zegras and loses puck.
5:49 of 2nd period - Shot by Mikael Granlund.
5:49 of 2nd period - Goal by Mikael Granlund - Senators : 1 - MapleLeafs : 1.
5:50 of 2nd period - Nic Dowd wins face-off versus Yanni Gourde in neutral zone.
5:55 of 2nd period - Shot by Cam Atkinson.
5:55 of 2nd period - Shot Misses the Net.
6:13 of 2nd period - Shot by Nic Dowd.
6:13 of 2nd period - Stopped by Filip Gustavsson without a rebound.
6:14 of 2nd period - Aleksander Barkov wins face-off versus Trent Frederic in MapleLeafs zone.
6:14 of 2nd period - Aleksander Barkov is hit by Henri Jokiharju.
6:18 of 2nd period - Shot by Joel Eriksson Ek.
6:18 of 2nd period - Shot Misses the Net.
6:20 of 2nd period - Shot by Nikita Kucherov.
6:20 of 2nd period - Stopped by Filip Gustavsson without a rebound.
6:21 of 2nd period - Trent Frederic wins face-off versus Aleksander Barkov in MapleLeafs zone.
6:43 of 2nd period - Off-side.
6:44 of 2nd period - Yanni Gourde wins face-off versus Dylan Larkin in neutral zone.
6:49 of 2nd period - Mikael Granlund is hit by Yanni Gourde and loses puck.
6:55 of 2nd period - Yanni Gourde is hit by K'Andre Miller and loses puck.
7:05 of 2nd period - Minor Penalty to K'Andre Miller for Hooking.
7:06 of 2nd period - Shane Pinto wins face-off versus Joel Eriksson Ek in Senators zone.
7:23 of 2nd period - Shot by Viktor Arvidsson.
7:23 of 2nd period - Stopped by Alexandar Georgiev without a rebound.
7:24 of 2nd period - Joel Eriksson Ek wins face-off versus Yanni Gourde in Senators zone.
7:39 of 2nd period - Shot by Evander Kane.
7:39 of 2nd period - Deflect By Yanni Gourde.
7:39 of 2nd period - Stopped by Alexandar Georgiev with a rebound.
8:19 of 2nd period - Dylan Larkin is hit by Viktor Arvidsson and loses puck.
9:18 of 2nd period - Shot by Jakob Silfverberg.
9:18 of 2nd period - Shot Misses the Net.
9:20 of 2nd period - Shot by Jakob Silfverberg.
9:20 of 2nd period - Stopped by Alexandar Georgiev without a rebound.
9:21 of 2nd period - Trent Frederic wins face-off versus Mikael Granlund in Senators zone.
10:55 of 2nd period - Icing by Brock Faber.
10:56 of 2nd period - Aleksander Barkov wins face-off versus Alex Kerfoot in Senators zone.
11:00 of 2nd period - Aleksander Barkov is hit by Alex Kerfoot and loses puck.
11:15 of 2nd period - Shot by Calle Jarnkrok.
11:15 of 2nd period - Shot Misses the Net.
11:58 of 2nd period - Brandon Carlo is hit by Joel Eriksson Ek.
12:10 of 2nd period - Shot by Evander Kane.
12:10 of 2nd period - Shot Misses the Net.
12:12 of 2nd period - Shot by Rasmus Sandin.
12:12 of 2nd period - Shot Blocked by Brock Faber.
12:26 of 2nd period - Shot by Rasmus Sandin.
12:26 of 2nd period - Stopped by Alexandar Georgiev without a rebound.
12:27 of 2nd period - Yanni Gourde wins face-off versus Dylan Larkin in Senators zone.
12:30 of 2nd period - Shot by Yanni Gourde.
12:30 of 2nd period - Shot Blocked by Cam Fowler.
12:53 of 2nd period - Minor Penalty to John Marino for Roughing.
12:54 of 2nd period - Yanni Gourde wins face-off versus Alex Newhook in MapleLeafs zone.
12:58 of 2nd period - Devon Toews is hit by Jake Walman and loses puck.
13:17 of 2nd period - Shot by Jake Walman.
13:17 of 2nd period - Shot Misses the Net.
14:08 of 2nd period - Shot by Jakob Silfverberg.
14:08 of 2nd period - Stopped by Alexandar Georgiev with a rebound.
14:10 of 2nd period - Shot by Calle Jarnkrok.
14:10 of 2nd period - Shot Misses the Net.
14:13 of 2nd period - Icing by K'Andre Miller.
14:14 of 2nd period - Yanni Gourde wins face-off versus Mikael Granlund in Senators zone.
14:22 of 2nd period - Icing by K'Andre Miller.
14:23 of 2nd period - Yanni Gourde wins face-off versus Mikael Granlund in Senators zone.
15:11 of 2nd period - Alex Newhook is hit by Rasmus Sandin and loses puck.
15:20 of 2nd period - Shot by Pavel Zacha.
15:20 of 2nd period - Shot Misses the Net.
16:06 of 2nd period - Brock Faber is hit by Calle Jarnkrok and loses puck.
16:44 of 2nd period - Icing by Devon Toews.
16:45 of 2nd period - Aleksander Barkov wins face-off versus Alex Kerfoot in MapleLeafs zone.
17:22 of 2nd period - Shot by Drake Batherson.
17:22 of 2nd period - Stopped by Alexandar Georgiev without a rebound.
17:23 of 2nd period - Dylan Larkin wins face-off versus Shane Pinto in Senators zone.
17:38 of 2nd period - Shot by Shane Pinto.
17:38 of 2nd period - Goal by Shane Pinto - Senators : 1 - MapleLeafs : 2.
17:39 of 2nd period - Nic Dowd wins face-off versus Yanni Gourde in neutral zone.
17:45 of 2nd period - Icing by Henri Jokiharju.
17:46 of 2nd period - Dylan Larkin wins face-off versus Yanni Gourde in MapleLeafs zone.
18:08 of 2nd period - Drake Batherson is hit by K'Andre Miller and loses puck.
18:12 of 2nd period - Yanni Gourde is hit by K'Andre Miller and loses puck.
18:16 of 2nd period - Yanni Gourde is hit by K'Andre Miller.
19:52 of 2nd period - Shot by Calle Jarnkrok.
19:52 of 2nd period - Stopped by Alexandar Georgiev without a rebound.
19:53 of 2nd period - Trent Frederic wins face-off versus Aleksander Barkov in Senators zone.
Goals for this period are 1 for Senators vs 1 for MapleLeafs.
Shots for this period are 4 for Senators vs 14 for MapleLeafs.
3rd period
0:01 of 3rd period - Yanni Gourde wins face-off versus Nikita Kucherov in neutral zone.
0:21 of 3rd period - Johnny Gaudreau is hit by Noah Hanifin and loses puck.
0:29 of 3rd period - Off-side.
0:30 of 3rd period - Dylan Larkin wins face-off versus Shane Pinto in neutral zone.
1:03 of 3rd period - Icing by Jake Walman.
1:04 of 3rd period - Yanni Gourde wins face-off versus Dylan Larkin in Senators zone.
1:19 of 3rd period - Shot by Johnny Gaudreau.
1:19 of 3rd period - Deflect By Drake Batherson.
1:19 of 3rd period - Shot Misses the Net.
1:21 of 3rd period - Shot by Devon Toews.
1:21 of 3rd period - Shot Misses the Net.
1:23 of 3rd period - Shot by Sean Durzi.
1:23 of 3rd period - Shot Hit the Post.
1:25 of 3rd period - Shot by Devon Toews.
1:25 of 3rd period - Stopped by Alexandar Georgiev without a rebound.
1:26 of 3rd period - Aleksander Barkov wins face-off versus Calle Jarnkrok in Senators zone.
1:31 of 3rd period - Aleksander Barkov is hit by Viktor Arvidsson and loses puck.
1:36 of 3rd period - Shot by Alex Kerfoot.
1:36 of 3rd period - Shot Misses the Net.
1:38 of 3rd period - Shot by Alex Kerfoot.
1:38 of 3rd period - Deflect By Calle Jarnkrok.
1:38 of 3rd period - Stopped by Alexandar Georgiev without a rebound.
1:39 of 3rd period - Nic Dowd wins face-off versus Johnny Gaudreau in Senators zone.
1:43 of 3rd period - Off-side.
1:44 of 3rd period - Yanni Gourde wins face-off versus Aleksander Barkov in neutral zone.
1:50 of 3rd period - Johnny Gaudreau is hit by Noah Hanifin and loses puck.
2:01 of 3rd period - Sean Durzi is hit by Aleksander Barkov and loses puck.
2:15 of 3rd period - Minor Penalty to Joel Eriksson Ek for Roughing.
2:16 of 3rd period - Aleksander Barkov wins face-off versus Shane Pinto in Senators zone.
2:49 of 3rd period - Cam Fowler is hit by Viktor Arvidsson and loses puck.
3:27 of 3rd period - Alex Newhook is hit by Evander Kane and loses puck.
3:32 of 3rd period - Shot by Sean Durzi.
3:32 of 3rd period - Shot Misses the Net.
4:34 of 3rd period - Shot by Dylan Larkin.
4:34 of 3rd period - Stopped by Filip Gustavsson without a rebound.
4:35 of 3rd period - Alex Kerfoot wins face-off versus Nic Dowd in MapleLeafs zone.
4:39 of 3rd period - Off-side.
4:40 of 3rd period - Nic Dowd wins face-off versus Trent Frederic in neutral zone.
5:04 of 3rd period - Shot by Mattias Ekholm.
5:04 of 3rd period - Shot Misses the Net.
5:06 of 3rd period - Shot by Nic Dowd.
5:06 of 3rd period - Stopped by Filip Gustavsson without a rebound.
5:07 of 3rd period - Shane Pinto wins face-off versus Dylan Larkin in MapleLeafs zone.
5:11 of 3rd period - Off-side.
5:12 of 3rd period - Pavel Zacha wins face-off versus Yanni Gourde in neutral zone.
5:21 of 3rd period - Devon Toews is hit by Pavel Zacha and loses puck.
6:05 of 3rd period - Off-side.
6:06 of 3rd period - Shane Pinto wins face-off versus Aleksander Barkov in neutral zone.
6:09 of 3rd period - Shot by Henri Jokiharju.
6:09 of 3rd period - Stopped by Alexandar Georgiev without a rebound.
6:10 of 3rd period - Shane Pinto wins face-off versus Aleksander Barkov in Senators zone.
6:19 of 3rd period - Shot by Shane Pinto.
6:19 of 3rd period - Shot Misses the Net.
6:22 of 3rd period - Icing by Mattias Ekholm.
6:23 of 3rd period - Alex Kerfoot wins face-off versus Aleksander Barkov in Senators zone.
6:48 of 3rd period - Shot by Nikita Kucherov.
6:48 of 3rd period - Shot Misses the Net.
7:55 of 3rd period - Dylan Larkin is hit by Drake Batherson and loses puck.
8:25 of 3rd period - Devon Toews is hit by K'Andre Miller and loses puck.
8:50 of 3rd period - Shot by Pavel Zacha.
8:50 of 3rd period - Shot Misses the Net.
9:33 of 3rd period - Shot by Brock Faber.
9:33 of 3rd period - Shot Misses the Net.
9:35 of 3rd period - Shot by Nikita Kucherov.
9:35 of 3rd period - Stopped by Filip Gustavsson without a rebound.
9:36 of 3rd period - Nic Dowd wins face-off versus Trent Frederic in MapleLeafs zone.
9:42 of 3rd period - Nic Dowd is hit by Brandon Carlo and loses puck.
9:45 of 3rd period - Shot by Mattias Ekholm.
9:45 of 3rd period - Stopped by Filip Gustavsson without a rebound.
9:45 of 3rd period - Minor Penalty to Brandon Carlo for Tripping.
9:46 of 3rd period - Aleksander Barkov wins face-off versus Calle Jarnkrok in MapleLeafs zone.
10:06 of 3rd period - Icing by Aleksander Barkov.
10:07 of 3rd period - Yanni Gourde wins face-off versus Aleksander Barkov in Senators zone.
10:17 of 3rd period - Icing by Aleksander Barkov.
10:18 of 3rd period - Aleksander Barkov wins face-off versus Yanni Gourde in Senators zone.
10:31 of 3rd period - Shot by Dylan Larkin.
10:31 of 3rd period - Stopped by Filip Gustavsson without a rebound.
10:32 of 3rd period - Yanni Gourde wins face-off versus Joel Eriksson Ek in MapleLeafs zone.
12:21 of 3rd period - Shot by Trevor Lewis.
12:21 of 3rd period - Stopped by Filip Gustavsson with a rebound.
12:23 of 3rd period - Shot by Mattias Ekholm.
12:23 of 3rd period - Stopped by Filip Gustavsson without a rebound.
12:24 of 3rd period - Aleksander Barkov wins face-off versus Alex Kerfoot in MapleLeafs zone.
12:51 of 3rd period - Shot by Alex Kerfoot.
12:51 of 3rd period - Shot Misses the Net.
12:53 of 3rd period - Shot by Viktor Arvidsson.
12:53 of 3rd period - Stopped by Alexandar Georgiev without a rebound.
12:54 of 3rd period - Dylan Larkin wins face-off versus Anthony Duclair in Senators zone.
12:54 of 3rd period - Dylan Larkin is hit by Trent Frederic.
13:03 of 3rd period - Minor Penalty to Devon Toews for Cross-checking.
13:04 of 3rd period - Aleksander Barkov wins face-off versus Yanni Gourde in MapleLeafs zone.
13:17 of 3rd period - Shot by Cam Fowler.
13:17 of 3rd period - Shot Misses the Net.
13:26 of 3rd period - Cam Fowler is hit by Yanni Gourde.
14:57 of 3rd period - Shot by Cam Fowler.
14:57 of 3rd period - Shot Misses the Net.
15:08 of 3rd period - Icing by Sean Durzi.
15:09 of 3rd period - Shane Pinto wins face-off versus Nic Dowd in MapleLeafs zone.
16:36 of 3rd period - Shot by Calle Jarnkrok.
16:36 of 3rd period - Stopped by Alexandar Georgiev without a rebound.
16:37 of 3rd period - Yanni Gourde wins face-off versus Mikael Granlund in Senators zone.
16:50 of 3rd period - Shot by Yanni Gourde.
16:50 of 3rd period - Shot Misses the Net.
17:55 of 3rd period - Shot by Alex Kerfoot.
17:55 of 3rd period - Shot Misses the Net.
17:57 of 3rd period - Shot by Alex Kerfoot.
17:57 of 3rd period - Stopped by Alexandar Georgiev without a rebound.
17:58 of 3rd period - Jonathan Huberdeau wins face-off versus Aleksander Barkov in Senators zone.
17:58 of 3rd period - Evander Kane is hit by Noah Hanifin and loses puck.
19:20 of 3rd period - Calle Jarnkrok is hit by Brock Faber.
19:28 of 3rd period - Senators, Alexandar Georgiev is pulled from the net.
19:30 of 3rd period - Shot by Pavel Zacha.
19:30 of 3rd period - Stopped by Filip Gustavsson without a rebound.
19:31 of 3rd period - Aleksander Barkov wins face-off versus Calle Jarnkrok in MapleLeafs zone.
19:32 of 3rd period - Shot by Joel Eriksson Ek.
19:32 of 3rd period - Stopped by Filip Gustavsson without a rebound.
19:33 of 3rd period - Jakob Silfverberg wins face-off versus Aleksander Barkov in MapleLeafs zone.
19:33 of 3rd period - Jakob Silfverberg is hit by Nikita Kucherov.
Goals for this period are 0 for Senators vs 0 for MapleLeafs.
Shots for this period are 9 for Senators vs 6 for MapleLeafs.